 Dungeon Crawl Stone Soup version 0.27-a0-1529-g1e82c303ef (webtiles) character file.

Game seed: 18055848419589369281

95 Demosthentine the Poker (level 4, -3/52 HPs)
             Began as a Merfolk Gladiator on July 11, 2021.
             Slain by a kobold brigand (4 damage)
             ... on level 3 of the Dungeon.
             The game lasted 00:02:12 (1985 turns).

Demosthentine the Poker (Merfolk Gladiator)         Turns: 1985, Time: 00:02:12

Health: -3/52      AC: 22    Str: 15    XL:     4   Next: 65%
Magic:  4/4        EV:  2    Int:  7    God:
Gold:   45         SH:  0    Dex: 15    Spells: 3/3 levels left

rFire    . . .     SeeInvis .   a - +0 trident
rCold    + . .     Faith    .   (no shield)
rNeg     + + +     Spirit   .   (armour currently unavailable)
rPois    +         Reflect  .   (helmet currently unavailable)
rElec    .         Harm     .   (cloak currently unavailable)
rCorr    .         Rampage  .   (gloves currently unavailable)
Will     .....     NoTele   +   (boots currently unavailable)
Stlth    +.........             (no amulet)
HPRegen  0.17/turn              f - ring of protection from cold
MPRegen  0.09/turn              (no ring)

@: tree-form, hasted, very quick
A: stationary, stasis, torment immunity, boosted hp, (nimble swimmer 2),
(mertail)
a: no special abilities


You were on level 3 of the Dungeon.
You were a tree.
You visited 1 branch of the dungeon, and saw 3 of its levels.

You collected 45 gold pieces.

Inventory:

Hand Weapons
 a - a +0 trident (weapon)
Missiles
 d - 3 throwing nets (quivered)
Armour
 b - a +0 leather armour (melded)
 c - a +1 helmet (melded)
 l - a +0 cloak (melded)
 m - a +0 buckler
Jewellery
 f - a ring of protection from cold (left branch)
Scrolls
 k - a scroll of enchant armour
 n - a scroll of teleportation {unknown}
Potions
 e - a potion of magic
 h - a potion of flight
 i - a potion of brilliance


   Skills:
 + Level 3.1 Fighting
 + Level 5.3 Polearms
 - Level 2.0 Throwing
 + Level 1.2 Armour
 + Level 4.8 Dodging
 + Level 0.8 Shields


You had 3 spell levels left.
You didn't know any spells.
Your spell library contained the following spells:

 Spells                   Type           Power      Damage    Failure   Level
 Beastly Appendage        Tmut           0%         N/A       43%         1
 Wereblood                Tmut           0%         N/A       56%         2
 Spider Form              Tmut/Pois      0%         N/A       80%         3


Dungeon Overview and Level Annotations

Branches:
Dungeon (3/15)

Altars:

Shops:
D:1 :


Innate Abilities, Weirdness & Mutations

You are a tree.
Your roots penetrate the ground, keeping you stationary.
You cannot be teleported.
You are immune to unholy pain and torment.
Your maximum health is greatly increased.
Your equipment is partially melded.
((You are quick and stealthy near water. (Stealth+, EV+, Speed+++)))
((Your lower body shifts to a powerful aquatic tail in water.))


Message History

You feel sick.
Reach: a) +0 trident
Press: ? - help, Dir - move target, f - you That would be overly suicidal.
Okay, then.
Unknown command.
Unknown command.
* * * LOW HITPOINT WARNING * * *
You feel sick.
Reach: a) +0 trident
Press: ? - help, Dir - move target, f - kobold brigand
Aim: a kobold brigand, wielding a +0 whip and quivering poisoned darts (about 47% to evade your +0 trident)
You reach to attack!
You barely miss the kobold brigand.
Unknown command.
Reach: a) +0 trident
Press: ? - help, Dir - move target, f/p - kobold brigand
Aim: a kobold brigand, wielding a +0 whip and quivering poisoned darts (about 47% to evade your +0 trident)
You reach to attack!
You hit the kobold brigand.
The kobold brigand is lightly wounded.
* * * LOW HITPOINT WARNING * * *
You feel sick.
You are no longer poisoned.
Reach: a) +0 trident
Press: ? - help, Dir - move target, f/p - kobold brigand
Aim: a kobold brigand, wielding a +0 whip and quivering poisoned darts (lightly wounded, about 47% to evade your +0 trident)
You puncture the kobold brigand!
The kobold brigand is heavily wounded.
The kobold brigand hits you but does no damage.
Unknown command.
You hit the kobold brigand.
The kobold brigand is severely wounded.
You hit the kobold brigand.
The kobold brigand is severely wounded.
The kobold brigand hits you but does no damage.
Unknown command.
Unknown command.
You hit the kobold brigand.
The kobold brigand is almost dead.
The kobold brigand hits you with a +0 whip.
You die...

...................
..≈≈.≈≈≈.≈.....≈≈≈≈
≈≈≈≈≈≈≈(≈≈.....≈≈≈≈
≈≈≈≈≈≈≈≈≈≈.....≈≈≈≈
≈≈≈≈≈≈≈≈)......≈≈≈≈
#################''######
.......#...... #))..#
.....†.)g..... #....#
.....).#########♣...##
####..........#K.....#
#....)..g..)......+
#..........#......#
......#########....##
.......+ #....# .....=.#
#....# ######## ######


You could see a kobold brigand.

Vanquished Creatures
  2 gnolls (D:3)
  An adder (D:2)
  A dart slug (D:2)
  An orc (D:2)
  3 endoplasms
  A giant cockroach (D:2)
  4 goblins
  3 hobgoblins
  16 jackals
  12 kobolds
  3 ball pythons (D:1)
  3 bats
  2 frilled lizards
  5 rats
57 creatures vanquished.

Notes
Turn   | Place    | Note
-------+----------+-------------------------------------------
     0 | D:1      | Demosthentine the Merfolk Gladiator began the quest for the
                  | Orb.
     0 | D:1      | Reached XP level 1. HP: 16/16 MP: 1/1
    39 | D:1      | Found Cimp's Book Emporium.
   163 | D:1      | Reached XP level 2. HP: 14/23 MP: 2/2
   688 | D:1      | Found a faded altar of an unknown god.
   906 | D:2      | Reached XP level 3. HP: 28/28 MP: 3/3
   954 | D:2      | Reached skill level 5 in Polearms
  1513 | D:2      | Reached skill level 1 in Armour
  1830 | D:3      | Reached XP level 4. HP: 28/34 MP: 4/4
  1959 | D:3      | Noticed a kobold brigand
  1978 | D:3      | HP: 2/52 [poisoned by a kobold brigand]
  1985 | D:3      | Slain by a kobold brigand

Illustrated notes

Levels and vault maps discovered:
D:1:      minmay_arrival_diagonal_passages, layout_rooms,
          shapermc_ecumenical_altar_venn, serial_shops, shop
D:2:      layout_basic
D:3:      minmay_goblin_kobold_castle, layout_basic,
          hangedman_decor_peaks_small, uniq_natasha

Skill      XL: |  1  2  3  4 |
---------------+-------------+-----
Polearms       | 5 |  5.3
Armour         | 1 |  1.2
Fighting       | 3 |  3.1
Throwing       | |  2.0
Dodging        | |  4.8
Shields        | |  0.8

Action                   |  1- 3 |  4- 6 || total
-------------------------+-------+-------++-------
Melee: Trident           |   140 |    43 ||   183
       Tailslap          |       |     3 ||     3
  Use: Scroll            |     7 |       ||     7
       Potion            |       |     2 ||     2
 Stab: Sleeping          |     1 |       ||     1
Armor: Leather armour    |    34 |     7 ||    41
       Skin              |       |     3 ||     3
Dodge: Dodged            |   105 |    30 ||   135

Table legend: (Time is in decaauts)
 A = Elapsed time spent in this place.
 B = Non-inter-level travel time spent in this place.
 C = Inter-level travel time spent in this place.
 D = Time resting spent in this place.
 E = Time spent auto-exploring this place.
 F = Levels seen in this place.
 G = Mean time per level.
                   A        B        C        D        E       F      G
               +--------+--------+--------+--------+--------+-----+--------+
         Total |   1989 |   1868 |    121 |     23 |   1507 |   3 |  663.0 |
       Dungeon |   1989 |   1868 |    121 |     23 |   1507 |   3 |  663.0 |
               +--------+--------+--------+--------+--------+-----+--------+

Top non-repeatable levels by time:
     D:1: 903 daAuts
     D:2: 772 daAuts
     D:3: 313 daAuts
